 Dungeon Crawl Stone Soup version 0.30.0-18-gc0e69614cb (webtiles) character file.

Game seed: 4221990188799995661

228 cheesebisquit the Stinger (level 6, -6/41 HPs)
             Began as a Merfolk Venom Mage on May 24, 2023.
             Was an Initiate of Sif Muna.
             Mangled by an ogre
             ... wielding a +0 giant club
              (32 damage)
             ... on level 4 of the Dungeon.
             The game lasted 00:16:33 (4821 turns).

cheesebisquit the Stinger (Merfolk Venom Mage)      Turns: 4821, Time: 00:16:34

Health: -6/41      AC:  4    Str: 14    XL:     6   Next: 2%
Magic:  10/11      EV: 12    Int: 17    God:    Sif Muna [......]
Gold:   29         SH:  0    Dex: 14    Spells: 2/11 levels left

rFire   . . .        t - staff of poison
rCold   . . .        (no shield)
rNeg    . . .        a - +0 robe
rPois   +            (no helmet)
rElec   .            (no cloak)
rCorr   .            i - +0 pair of gloves
SInv    .            y - +0 pair of boots
Will    +....        (no amulet)
Stlth   ++           c - ring of willpower
HPRegen 0.26/turn    q - +6 ring of strength
MPRegen 0.12/turn

%: no passive effects
@: hasted, very quick
A: (nimble swimmer 2), mertail
a: Renounce Religion


You were on level 4 of the Dungeon.
You worshipped Sif Muna.
Sif Muna was noncommittal.
You visited 1 branch of the dungeon, and saw 5 of its levels.

You collected 139 gold pieces.
You spent 110 gold pieces at shops.

Inventory:

Hand Weapons
 b - a +0 club
 o - a +0 flail
Armour
 a - a +0 robe (worn)
 i - a +0 pair of gloves (worn)
 y - a +0 pair of boots (worn)
Magical Staves
 t - a staff of poison (weapon)
Jewellery
 c - a ring of willpower (left hand)
 q - a +6 ring of strength (right hand)
Wands
 A - a wand of digging (4)
Scrolls
 d - 2 scrolls of immolation
 e - 3 scrolls of teleportation
 h - a scroll of torment
 j - a scroll of blinking {unknown}
 k - a scroll of enchant weapon {unknown}
 l - a scroll of fog {unknown}
 n - a scroll of poison
 s - a scroll of fear {unknown}
 x - a scroll of enchant armour {unknown}
Potions
 f - a potion of mutation
 g - a potion of cancellation {unknown}
 m - 3 potions of haste
 p - a potion of heal wounds
 r - 2 potions of degeneration
 u - a potion of resistance
 v - a potion of attraction
 w - a potion of berserk rage
 z - 2 potions of curing


   Skills:
 - Level 2.6 Dodging
 - Level 2.1 Stealth
 + Level 3.3 Spellcasting
 + Level 0.9 Conjurations
 + Level 4.0 Transmutations
 + Level 0.8 Fire Magic
 + Level 0.8 Air Magic
 + Level 4.5 Poison Magic


You had 2 spell levels left.
You knew the following spells:

 Your Spells              Type           Power      Damage    Failure   Level
a - Sting                 Tmut/Pois      100%       1d8       3%          1
b - Poisonous Vapours     Pois/Air       36%        N/A       9%          2
c - Ignite Poison         Fire/Tmut/Pois 20%        N/A       14%         3
d - Mephitic Cloud        Conj/Pois/Air  14%        N/A       22%         3

Your spell library contained the following spells:

 Spells                   Type           Power      Damage    Failure   Level
 Ensorcelled Hibernation  Hex/Ice        4%         N/A       26%         2
 Spider Form              Tmut/Pois      26%        N/A       9%          3
 Olgreb's Toxic Radiance  Pois           27%        N/A       26%         4
 Sticky Flame             Conj/Fire      5%         2d3       75%         4
 Anguish                  Hex/Necr       1%         N/A       86%         4
 Ignition                 Fire           2%         3d3       100%        8


Dungeon Overview and Level Annotations

Branches:
Dungeon (5/15)
 Temple: D:4-7

Altars:
Cheibriados
Kikubaaqudgha
Sif Muna
Vehumet
The Shining One

Shops:
D:4 ?

Annotations:
D:2 1 runed translucent door, Crazy Yiuf


Innate Abilities, Weirdness & Mutations

((You are very nimble when in or above water. (Stealth+, EV+, Speed+++)))
Your lower body shifts to a powerful aquatic tail in water.


Message History

The jackal is lightly wounded.
You feel a surge of power!
The sting hits the jackal.
The jackal looks even sicker.
You kill the jackal!
Sif Muna accepts your kill.
Found a stone.
An ogre comes into view. It is wielding a +0 giant club.
You see here a stone.
An iguana comes into view.
Found a scroll labelled AGIHUH SEIRO.
An orc comes into view. It is wielding a +0 whip. x2
You feel a surge of power!
The sting hits the ogre.
The ogre is poisoned.
The ogre is lightly wounded.
The orc shouts!
You hear a shout!
An orc comes into view. It is wielding a +0 mace.
The orc shouts!
You see here a stone.
The ogre looks more healthy.
A black bear comes into view.
The black bear growls angrily.
The ogre barely misses you.
Things that are here:
a +0 war axe; a +0 chain mail An iguana comes into view.
The iguana moves out of view.
There are monsters nearby!
You feel a surge of power!
The sting hits the ogre.
The ogre is poisoned.
The ogre is heavily wounded.
There is a stone staircase leading up here.
The ogre hits you with a +0 giant club!
You climb upwards.
There is a stone staircase leading down here.
The ogre hits you with a +0 giant club!!
Ouch! That really hurt!
* * * LOW HITPOINT WARNING * * *
You feel much better.
You feel yourself speed up.
The ogre looks more healthy.
The ogre hits you with a +0 giant club!!
Ouch! That really hurt!
You die...

#.# #.#.#.###...#
######.# #.#.#.#
#.... #:::##.#
#.#.#.# #....
#######.###.#.#.#
##...
#.....#.........#
##..
#.._..#..)......#
##.
#.....#.....#.#.# ##
###'###...#.#.#.# #.
#..>@...).....# ##
##.O..........# #
#............# #
#............# #
#............# ##
#<...........######8
#............##...#.
#............##._...
#............##...#.


You could see an ogre.

Vanquished Creatures
  Jessica (D:2)
  5 gnolls
  5 adders
  3 worms
  5 orcs
  6 ball pythons
  7 endoplasms
  4 giant cockroaches
  12 goblins
  7 hobgoblins
  4 jackals
  6 quokkas
  8 bats
  9 frilled lizards
  6 kobolds
  7 rats
95 creatures vanquished.

Vanquished Creatures (others)
  A quokka (D:3)
1 creature vanquished.

Grand Total: 96 creatures vanquished

Notes
Turn   | Place    | Note
-------+----------+-------------------------------------------
     0 | D:1      | cheesebisquit the Merfolk Venom Mage began the quest for
                  | the Orb.
     0 | D:1      | Reached XP level 1. HP: 13/13 MP: 3/3
    20 | D:1      | Reached XP level 2. HP: 16/19 MP: 0/5
   435 | D:1      | Reached XP level 3. HP: 24/24 MP: 0/6
  1385 | D:2      | Reached XP level 4. HP: 30/30 MP: 5/8
  1464 | D:2      | Noticed Jessica
  1678 | D:2      | Learned a level 2 spell: Poisonous Vapours
  1682 | D:2      | Learned a level 3 spell: Ignite Poison
  1944 | D:2      | Learned a level 3 spell: Mephitic Cloud
  1955 | D:2      | Reached XP level 5. HP: 33/35 MP: 4/9
  2212 | D:2      | Killed Jessica
  2350 | D:2      | Found a runed translucent door.
  2351 | D:2      | Noticed Crazy Yiuf
  2689 | D:3      | Found a snail-covered altar of Cheibriados.
  3085 | D:3      | Found a radiant altar of Vehumet.
  3334 | D:3      | Found an ancient bone altar of Kikubaaqudgha.
  4151 | D:4      | Found a glowing golden altar of the Shining One.
  4240 | D:4      | Reached XP level 6. HP: 41/41 MP: 8/11
  4439 | D:4      | Found Xovueps's Magic Scroll Shop.
  4442 | D:4      | Bought a scroll of identify for 20 gold pieces
  4442 | D:4      | Bought a scroll of identify for 20 gold pieces
  4442 | D:4      | Bought a scroll of teleportation for 30 gold pieces
  4442 | D:4      | Bought a scroll of identify for 20 gold pieces
  4442 | D:4      | Bought a scroll of identify for 20 gold pieces
  4695 | D:4      | Found a shimmering blue altar of Sif Muna.
  4700 | D:4      | Became a worshipper of Sif Muna the Loreminder
  4706 | D:5      | Entered Level 5 of the Dungeon
  4791 | D:5      | Noticed a black bear
  4821 | D:4      | Mangled by an ogre

Illustrated notes

Levels and vault maps discovered:
D:1:      dpeg_arrival_rooms_b, layout_basic, minmay_lizard_king
D:2:      layout_basic, minmay_quadrilaterals, uniq_crazy_yiuf_cottage,
          uniq_jessica
D:3:      layout_basic, fiery_altar_vehumet, kiku_gazebo_pond_becter,
          cheibrodos_worm_habitat
D:4:      layout_basic, nicolae_tso_carved_into_rock,
          nicolae_sif_muna_little_library, serial_shops,
          nicolae_shop_tiny_real_fake_doors
D:5:      layout_loops_ring, minmay_temple_entry_mini_moons,
          nicolae_zen_rock_garden

Skill      XL: |  1  2  3  4  5  6 |
---------------+-------------------+-----
Transmutations | 2 3 4 |  4.0
Poison Magic   | 4 |  4.5
Spellcasting   | 3 |  3.3
Dodging        | |  2.6
Stealth        | |  2.1
Conjurations   | |  0.9
Fire Magic     | |  0.8
Air Magic      | |  0.8

Action                     |  1- 3 |  4- 6 || total
---------------------------+-------+-------++-------
  Melee: Unarmed           |    13 |       ||    13
         Club              |    15 |       ||    15
         Punch             |     2 |       ||     2
   Cast: Sting             |    74 |   131 ||   205
    Use: Potion            |     1 |     2 ||     3
         Scroll            |       |    11 ||    11
 Armour: Robe              |     6 |     8 ||    14
  Dodge: Dodged            |    34 |    30 ||    64
